Unix NetHack Version 3.7.0-62 Work-in-progress - last build Aug 7 2022 14:32:34 (f254b98e4f4e6c2f4e816e90bd3419c5233a8e5f,branch:master). Game began 2022-08-09 23:47:17, ended 2022-08-20 23:44:56. Moult, chaotic male elven Ranger ----- ----- @ ...| |... ---------..-- ---- --..--------- |......a|...-- ....-- --...|.......| |......a|.@..---.... -+- ......---....|.......| |a@A@.@AA.....@@..@....@ . ......%)?%....-..._...| @|.......|D...---....0.. . ..%....---....|(......| A|d......|...-- ..... | ......-- --...|.......| A---------..-- -%-- --.---- --'.--------- @ a @ ...| ...---- -------.%.| |... ----- ........ |......%..| ----- ------... --.(.------- |....- --....| --...----|----...--- |....%...)...... ------------ Moult the Scout St:18 Dx:21 Co:16 In:16 Wi:18 Ch:8 Chaotic S:1111228 Astral Plane $:0 HP:469(500) Pw:98(98) AC:-52 Xp:17/701484 T:91629 Latest messages: The Angel of Venus points at you, then curses. The Angel of Mercury points at you, then curses. The priestess of Mercury swings her mace. The priestess of Mercury misses! The priestess of Mercury misses! The priestess of Mercury points all around, then curses. The high priestess intones: "Pilgrim, you enter a sacred place!" The wolf turns to flee. The Angel of Venus points at you, then curses. The Angel of Mercury points at you, then curses. The Angel of Mercury points at you, then curses. The priest of Mercury wields a mace! The Angel of Venus points at you, then curses. The Angel of Mercury wields a long sword! The priest of Mercury turns to flee. The priest of Mercury casts a spell! The priest of Mercury summons insects! The black blade draws the life from the giant beetle! The black blade draws the life from the giant beetle! You kill the giant beetle! The killer bee turns to flee. The killer bee turns to flee. The fire ant turns to flee. The Angel of Venus points at you, then curses. "Verily, thy corpse could not smell worse!" What do you want to zap? [rzFMRZ or ?*] R In what direction? j The high priestess exclaims "What?" then shrugs. The Angel of Venus points at you, then curses. The Angel of Venus zaps you with a magic missile! The magic missile misses the Angel of Venus. The magic missile hits the priest of Mercury! The magic missile whizzes by you! The magic missile hits the Angel of Mercury. The priest of Mercury casts a spell! The priest of Mercury looks better. There is a high altar to Mars (chaotic) here. What do you want to sacrifice? [Q or ?*] Q You offer the Amulet of Yendor to Mars... An invisible choir sings, and you are bathed in radiance... The voice of Mars booms out: "Mortal, thou hast done well!" "In return for thy service, I grant thee the gift of Immortality!" You ascend to the status of Demigod... Do you want your possessions identified? y Do you want to see your attributes? y Do you want an account of creatures vanquished? y Do you want a list of species genocided and extinct? y Do you want to see your conduct and achievements? y Do you want to see the dungeon overview? y Major events: Turn 1: Moult the chaotic male elven Ranger entered the dungeon 50: became literate by naming Sting 1297: entered the Gnomish Mines 1475: found Grimtooth in a shop 2383: attained the rank of Lookout (level 3) 3130: attained the rank of Trailblazer (level 6) 3822: entered Sokoban 4464: completed sokoban 1 5042: completed sokoban 2 5515: completed sokoban 3 6523: reached Mine Town 9832: acquired the Mines' End luckstone 20401: was bestowed with Orcrist by Mars 22339: completed sokoban 4 22693: acquired the Sokoban bag of holding 23252: attained the rank of Reconnoiterer (level 10) 25010: was chosen to steal souls for the Glory of Mars 25010: was bestowed with Stormbringer 28549: entered the Bigroom 41407: killed Medusa 43998: entered Gehennom 44940: made his first wish - "blessed greased +2 silver dragon scale mail", got "a greased silver dragon scale mail" 44952: wished for "blessed greased fireproof +2 cloak of magic resistance", got "a greased ornamental cope" 47058: killed Croesus 47128: performed his first genocide (arch-liches) 48013: wished for "2 blessed scrolls of genocide", got "a scroll labeled KIRJE" 48088: genocided class L 48198: genocided class h 59380: attained the rank of Scout (level 14) 66019: found the Longbow of Diana on the floor 66026: killed Scorpius 66036: acquired the Bell of Opening 71994: killed Juiblex 73216: bribed Asmodeus with 171 zorkmids for safe passage 74722: bribed Baalzebub with 229 zorkmids for safe passage 76923: killed Orcus 80677: genocided class R 80679: genocided class ; 80679: genocided class v 80777: genocided class P 84249: destroyed the invisible Vlad the Impaler 84250: acquired the Candelabrum of Invocation 89472: killed the Wizard of Yendor 89479: acquired the Book of the Dead 89641: performed the invocation 89870: killed the high priestess of Moloch 89872: acquired The Amulet of Yendor 90280: killed the Wizard of Yendor (2nd time) 90589: killed the Wizard of Yendor (3rd time) 91262: entered the Elemental Planes 91262: entered Plane of Earth 91348: entered Plane of Air 91417: found Sunsword carried by a monster 91423: entered Plane of Fire 91470: entered Plane of Water 91527: entered the Astral Plane 91538: killed Famine 91545: killed Famine (2nd time) 91585: killed Famine (3rd time) 91612: killed Pestilence 91629: ascended Inventory: Amulets i - an uncursed amulet of flying k - an uncursed amulet of life saving (being worn) Weapons L - a +5 arrow X - 20 blessed poisoned +6 arrows N - 2 poisoned +5 arrows o - 7 +0 silver arrows E - 5 +0 silver arrows C - the blessed +0 Longbow of Diana P - a blessed +6 silver saber g - the blessed rustproof +6 Stormbringer (weapon in hand) Armor W - a blessed fireproof +6 elven leather helm (being worn) n - a blessed fireproof +4 pair of gauntlets of dexterity (being worn) h - a blessed fireproof +5 pair of speed boots (being worn) U - an uncursed fireproof +5 small shield (being worn) x - a blessed fireproof +5 cloak of magic resistance (being worn) O - an uncursed +4 Hawaiian shirt with a giant eel motif (being worn) w - an uncursed +5 silver dragon scale mail (being worn) Comestibles B - an uncursed food ration y - 4 uncursed lumps of royal jelly Y - 2 uncursed oranges e - an uncursed pear j - an uncursed lizard corpse Potions G - an uncursed potion of invisibility Rings c - a blessed +2 ring of protection (on right hand) H - an uncursed ring of slow digestion (on left hand) u - a cursed ring of teleportation Wands F - a wand of death (0:2) M - a wand of death named 1 (0:0) z - a wand of digging (0:0) Z - a wand of secret door detection (0:12) R - a wand of teleportation (0:1) r - a wand of teleportation (0:0) Tools b - a blessed bag of holding containing 53 items V - an uncursed bugle named LhRvP; D - an uncursed oil lamp m - an uncursed skeleton key s - an uncursed stethoscope t - an uncursed wet towel d - a blessed +0 unicorn horn Gems/Stones f - a blessed luckstone Contents of the bag of holding: an uncursed amulet of guarding a blessed +0 arrow 118 +6 arrows 2 +2 elven arrows named 10s 8 +2 elven arrows 15 +0 elven arrows 16 +0 elven arrows 209 blessed poisoned +6 arrows a blessed +0 elven bow named 34236 11p+1p pois tele cold an uncursed +0 pair of water walking boots an uncursed +0 mummy wrapping 4 uncursed C-rations an uncursed carrot 2 uncursed cream pies 10 uncursed K-rations 4 uncursed lembas wafers an uncursed partly eaten lembas wafer 14 uncursed lumps of royal jelly 3 uncursed pancakes 2 uncursed lizard corpses 2 uncursed lizard corpses 3 uncursed lizard corpses 4 blessed scrolls of blank paper an uncursed scroll of blank paper an uncursed scroll of blank paper 5 uncursed scrolls of blank paper a blessed scroll of charging 4 uncursed scrolls of charging 4 uncursed scrolls of create monster 2 uncursed scrolls of destroy armor an uncursed scroll of remove curse 2 blessed scrolls of teleportation an uncursed potion of extra healing 2 uncursed potions of full healing 4 potions of holy water an uncursed ring of levitation an uncursed ring of regeneration an uncursed ring of slow digestion a wand of death (0:6) a wand of death (0:4) a wand of digging (0:8) a wand of fire (0:4) a wand of magic missile (0:0) a wand of striking (0:4) a wand of striking (0:0) a wand of teleportation (0:8) a wand of teleportation (0:3) a wand of wishing (1:2) a magic marker (0:8) a +0 pick-axe 8 uncursed tallow candles a +0 unicorn horn an uncursed worthless piece of violet glass Moult the Ranger's attributes: Background: You were a Scout, a level 17 male elven Ranger. You were chaotic, on a mission for Mars who was opposed by Mercury (lawful) and Venus (neutral). You were in the endgame, on the Astral Plane. You entered the dungeon 91629 turns ago. It was nighttime. You had 701484 experience points, 578516 more were needed to attain level 18. Your score was 1111228 before end-of-game adjustments. Basics: You had 469 out of 500 hit points. You had all 98 energy points (spell power). Your armor class was -52. Your wallet was empty. Autopickup was on for '_' plus thrown, with exceptions. Final Characteristics: Your strength was 18 (limit:18). Your dexterity was 21 (base:17, peak:18, innate limit:18). Your constitution was 16 (limit:16). Your intelligence was 16 (limit:20). Your wisdom was 18 (limit:20). Your charisma was 8 (limit:18). Final Status: You were not hungry. You were unencumbered. You were wielding a broadsword. You had basic skill with broadsword. Final Attributes: You were the Glory of Arioch. You were piously aligned. You were magic-protected. You were fire resistant. You were cold resistant. You were sleep resistant. You were disintegration-resistant. You were shock resistant. You were poison resistant. You were level-drain resistant. You saw invisible. You were telepathic. You had automatic searching. You had infravision. You were stealthy. You had slower digestion. You had a large defense bonus (+14). You were guarded. You were very fast. You had reflection. Your life would have been saved. You were extremely lucky. You had extra luck. Good luck did not time out for you. You survived. Miscellaneous: You encountered 2 bones levels. Total elapsed playing time was 1 day, 16 hours, 32 minutes and 36 seconds. Vanquished creatures: Orcus Juiblex the Wizard of Yendor (4 times) Pestilence Famine (thrice) Vlad the Impaler a high cleric a mastodon Medusa Croesus 6 krakens a ki-rin 2 storm giants 2 titans a glass golem 2 balrogs 13 purple worms 3 gray dragons 2 gold dragons 2 silver dragons 4 red dragons 2 white dragons an orange dragon 5 black dragons 5 blue dragons a green dragon 2 yellow dragons 17 minotaurs 3 jabberwocks Scorpius 5 baluchitheria 2 Angels 2 demiliches 10 stone golems 2 master mind flayers 4 Olog-hai 4 Nazgul 8 pit fiends 6 sandestins 4 hell hounds 2 displacer beasts 8 titanotheres 5 trappers 2 guardian nagas 5 genetic engineers 9 disenchanters 32 vampire leaders 4 skeletons 12 aligned clerics 5 captains 2 shades 2 liches 2 clay golems 13 nurses 10 ice devils 8 nalfeshnees 4 lurkers above an Aleax 4 frost giants 6 ettins 3 golden nagas 13 black puddings 26 vampires 13 lieutenants 32 ghosts 3 queen bees 5 winged gargoyles 8 giant mimics 8 long worms 7 zruties 11 fire giants 3 ogre tyrants 2 ice trolls 13 rock trolls 10 umber hulks 7 flesh golems an elven monarch 4 doppelgangers 13 hezrous 6 bone devils 4 wumpuses 4 fire vortices 2 couatls 13 stalkers 6 air elementals 4 fire elementals 7 earth elementals 7 water elementals 9 hill giants 4 giant mummies 18 xorns 15 giant zombies an elf-noble 29 sergeants 5 barbed devils 20 vrocks 2 salamanders 33 wargs 4 winter wolves 6 hell hound pups 9 small mimics 2 glass piercers 11 warhorses 8 steam vortices 19 xans 9 ettin mummies 5 ogre leaders 13 quantum mechanics 27 trolls a sasquatch 4 wood golems 3 erinyes 2 mariliths 4 sharks 6 electric eels 11 gelatinous cubes 2 pyrolisks 8 large dogs 2 freezing spheres 19 flaming spheres 10 shocking spheres 5 large cats 12 tigers 11 gargoyles 6 tengu 9 ochre jellies 11 leocrottas 4 energy vortices 29 mountain centaurs 2 stone giants 12 elf mummies 6 human mummies 2 red nagas 7 green slimes 5 pythons 8 pit vipers 7 cobras 46 wraiths 3 carnivorous apes 25 ettin zombies 6 leather golems 3 Grey-elves 119 soldiers 7 amorous demons 9 horned devils 13 chameleons 7 crocodiles 17 giant beetles 13 quivering blobs 27 cockatrices 14 wolves 10 winter wolf cubs 6 lynxes 9 panthers a gremlin 3 spotted jellies 10 leprechauns 4 orc-captains 3 iron piercers 4 mumakil 16 giant spiders 30 scorpions 17 horses 2 ice vortices 13 black lights 14 vampire bats 52 forest centaurs 6 gnome rulers 10 orc mummies 4 dwarf mummies 2 ogres 11 brown puddings 12 rust monsters 12 owlbears 10 yetis 4 gold golems 6 werewolves 2 piranha 18 giant eels 26 lizards 19 chickatrices 8 dingoes 5 dogs 4 housecats 13 jaguars 6 dwarf leaders 8 blue jellies 4 white unicorns 5 gray unicorns a black unicorn 14 dust vortices 11 ravens 14 plains centaurs 6 gnome mummies 10 snakes 29 apes 33 human zombies 6 rope golems 2 Woodland-elves 25 soldier ants 11 fire ants 23 bugbears 2 imps 7 lemures 2 quasits 10 wood nymphs 11 water nymphs 10 mountain nymphs 21 Mordor orcs 23 Uruk-hai 7 orc shamans 9 rock piercers 6 rock moles 11 ponies 8 fog clouds 21 yellow lights 2 shriekers 8 violet fungi 24 gnome leaders 10 gnomish wizards 5 kobold mummies 3 red naga hatchlings a black naga hatchling 11 gray oozes 5 barrow wights 22 elf zombies 22 ghouls 3 straw golems 3 paper golems 5 jellyfish 27 giant ants 5 little dogs 22 floating eyes 4 kittens 21 dwarves a homunculus 4 kobold leaders 6 kobold shamans 41 hill orcs 38 rothes 3 rabid rats 4 centipedes 13 giant bats 5 monkeys 21 orc zombies 8 dwarf zombies 8 wererats 4 werejackals 11 iguanas 111 killer bees 8 acid blobs 16 coyotes 6 gas spores 11 hobbits 24 manes 7 large kobolds 19 hobgoblins 13 giant rats 10 cave spiders a brown mold 2 yellow molds 3 green molds 6 red molds 35 gnomes 26 garter snakes 14 gnome zombies 16 geckos 20 jackals 5 foxes 2 kobolds 6 goblins 11 sewer rats 10 grid bugs 3 bats 16 lichens 14 kobold zombies 13 newts 2794 creatures vanquished. Genocided or extinct species: hobbits dwarves bugbears dwarf leaders dwarf rulers mind flayers master mind flayers fog clouds dust vortices ice vortices energy vortices steam vortices fire vortices liches demiliches master liches arch-liches gray oozes brown puddings green slimes black puddings rust monsters disenchanters soldiers (extinct) erinyes (extinct) jellyfish piranha sharks giant eels electric eels krakens 29 species genocided. 2 species extinct. Voluntary challenges: You read items or engraved 206 times. You engraved Elbereth 73 times. You genocided 29 types of monsters. You used 3 wishes. You did not wish for any artifacts. You violated the special Sokoban rules once. Achievements: You entered a shop. You entered the Gnomish Mines. You attained the rank of Lookout. You attained the rank of Trailblazer. You entered Sokoban. You entered Minetown. You entered a temple. You completed the Gnomish Mines. You learned the tune to open and close the Castle's drawbridge. You completed Sokoban. You attained the rank of Reconnoiterer. You entered the Big Room. You defeated Medusa. You entered Gehennom. You attained the rank of Scout. You handled the Bell of Opening. You handled the Candelabrum of Invocation. You handled the Book of the Dead. You gained access to Moloch's Sanctum. You reached the Elemental Planes. You reached the Astral Plane. You delivered the Amulet of Yendor. You ascended! The Elemental Planes: Astral Plane: <- You are here. Some temples. Plane of Water: Plane of Fire: Plane of Air: Plane of Earth: The Dungeons of Doom: levels 1 to 28 Level 1: A sink. One way stairs up to The Elemental Planes. Level 2: A general store. Level 3: An armor shop. Stairs down to The Gnomish Mines. Level 4: An armor shop, an altar to Mars, a fountain, a sink. Level 5: Level 6: "maybe vault?" Level 7: Level 8: Level 9: Many fountains. Oracle of Delphi. Level 10: A grave. Stairs up to Sokoban, level 9. Level 11: A delicatessen. Level 12: A very big room. Level 13: A fountain. Level 14: Many altars. Level 15: Portal to Fort Ludios. Level 16: A primitive area. Portal to The Quest. Level 17: A temple to Mars. Level 18: A fountain. Level 19: A fountain. Level 20: An altar to Mars, a fountain. Level 21: Some shops, a fountain. Level 22: Level 23: Level 24: A fountain, a sink. Level 25: A temple. Level 26: "medusa" Level 27: Some fountains. Level 28: A fountain. The castle. Gehennom: levels 29 to 50 Level 29: A temple, many graves. Valley of the Dead. Level 30: Level 31: Level 32: Level 33: Level 34: "juiblex" A fountain. Level 35: Level 36: Level 37: Level 38: Level 39: "orcus" An untended shop, an altar, many graves. Final resting place for Bartlem-Val-Dwa-Fem-Law, petrified by a cockatrice corpse. Level 40: Stairs up to Vlad's Tower, level 39. Level 41: Level 42: Level 43: Level 44: Level 45: Level 46: "Entrance to Wizard's Tower" Level 47: Level 48: Level 49: Level 50: A temple, many graves. Moloch's Sanctum. The Gnomish Mines: levels 4 to 11 Level 4: Level 5: A grave. Final resting place for MoonPig-Mon-Hum-Mal-Cha, killed by a wand. Level 6: Many shops, a temple, many fountains. Level 7: Level 8: Level 9: Level 10: Level 11: The Quest: levels 1 to 6 Level 1: Many trees. Completed quest for Orion. Level 2: Many trees. Level 3: Level 4: Level 5: Level 6: Sokoban: levels 9 up to 6 Level 6: Solved. Level 7: Solved. Level 8: Solved. Level 9: Solved. Fort Ludios: Level 1: Vlad's Tower: levels 39 up to 37 Level 37: Level 38: Level 39: Goodbye Moult the Demigod... You went to your reward with 2252906 points, Stormbringer (worth 8000 zorkmids and 20000 points) The Longbow of Diana (worth 4000 zorkmids and 10000 points) 1 worthless piece of colored glass, 1 amulet of life saving (worth 150 zorkmids), 1 amulet of guarding (worth 150 zorkmids), 1 amulet of flying (worth 150 zorkmids), and 0 pieces of gold, after 91629 moves. You were level 17 with a maximum of 500 hit points when you ascended.